 Dungeon Crawl Stone Soup version 0.25.1-2-g60ff931df9 (webtiles) character file.

Game seed: 2419900791090452049

42 Johnny the Digger (level 3, -1/26 HPs)
             Began as a Demigod Earth Elementalist on Sept 27, 2020.
             Shot with an arrow by a centaur (10 damage)
             ... on level 2 of the Dungeon.
             The game lasted 00:01:47 (2464 turns).

Johnny the Digger (Demigod Earth Elementalist)      Turns: 2464, Time: 00:01:48

Health: -1/26      AC:  3    Str: 11    XL:     3   Next: 19%
Magic:  9/9        EV: 12    Int: 21    God:
Gold:   67         SH:  0    Dex: 16    Spells: 2/6 levels left

rFire    . . .     SeeInvis .   (no weapon)
rCold    . . .     Gourm    .   (no shield)
rNeg     . . .     Faith    .   c - +0 robe
rPois    .         Spirit   .   (no helmet)
rElec    .         Reflect  .   (no cloak)
rCorr    .         Harm     .   (no gloves)
MR       .....                  p - +0 pair of boots
Stlth    ++........             (no amulet)
HPRegen  0.08/turn              (no ring)
MPRegen  0.11/turn              (no ring)

@: no status effects
A: high mp 1
a: no special abilities


You were on level 2 of the Dungeon.
You were hungry.

You visited 1 branch of the dungeon, and saw 2 of its levels.

You collected 67 gold pieces.

Inventory:

Missiles
 b - 9 stones (quivered)
Armour
 c - a +0 robe (worn)
 p - a +0 pair of boots (worn)
Scrolls
 a - a scroll of fog {unknown}
 f - 2 scrolls of magic mapping {unknown}
 g - a scroll of enchant weapon {unknown}
 h - 2 scrolls of amnesia {unknown}
 i - 3 scrolls of identify {unknown}
 l - 2 scrolls of blinking {unknown}
 m - a scroll of teleportation {unknown}
 o - a scroll of remove curse {unknown}
Potions
 e - a potion of magic
 j - 3 potions of stabbing {unknown}
 k - a potion of heal wounds {unknown}
 q - 2 potions of curing {unknown}
Comestibles
 d - 4 rations


   Skills:
 - Level 1.7 Dodging
 - Level 1.7 Stealth
 + Level 2.3 Spellcasting
   Level 0.8 Transmutations
 * Level 3.6 Earth Magic


You had 2 spell levels left.
You knew the following spells:

 Your Spells              Type           Power        Failure   Level  Hunger
a - Sandblast             Erth           ###...       3%          1    #......
b - Stone Arrow           Conj/Erth      ##....       21%         3    ###....

Your spell library contained the following spells:

 Spells                   Type           Power        Failure   Level  Hunger
 Passwall                 Tmut/Erth      ##......     9%          2    ##.....
 Petrify                  Tmut/Erth      ##......     50%         4    #####..
 Lee's Rapid Deconstruct  Erth           ###.......   65%         5    ######.


Dungeon Overview and Level Annotations

Branches:
Dungeon (2/15)


Innate Abilities, Weirdness & Mutations

You have an increased reservoir of magic. (+10% MP)


Message History

No target in view!
You see here a robe.
You are feeling hungry.
There is a stone staircase leading down here.
There is a stone staircase leading down here.
Found a short sword.
There is a stone staircase leading down here.
Found 18 bolts.
A centaur comes into view.
The centaur shouts!
The centaur wields a +3 shortbow.
The centaur shoots an arrow.
The arrow barely misses you.
The centaur shoots an arrow.
The arrow hits you!
Ouch! That really hurt!
The centaur shoots an arrow.
The arrow barely misses you.
You see here an arrow.
You are too injured to fight recklessly!
You are too injured to fight recklessly!
The centaur shoots an arrow.
The arrow hits you!
You die...

##.. ######.# #..
#......##### ######.
#.......... .......
#.(..≈≈≈≈≈ ###### #
#....≈#≈≈ #≈######
##'##....≈#≈###≈#≈......
#........≈#≈≈≈≈≈#≈######
#......@.≈≈≈≈≈≈≈≈
#...c...(..(#..
#.....####..# #.....
#..# ###### ##'## #..#
...... #
#####..############
#................#
#.##############.#
######.###


You could see a centaur.

Vanquished Creatures
  An adder (D:2)
  A dart slug (D:1)
  A leopard gecko (D:2)
  6 giant cockroaches
  4 goblins
  4 hobgoblins
  A kobold (D:2)
  3 bats
  2 frilled lizards
  4 rats (D:1)
27 creatures vanquished.

Notes
Turn   | Place    | Note
-------+----------+-------------------------------------------
     0 | D:1      | Johnny the Demigod Earth Elementalist began the quest for
                  | the Orb.
     0 | D:1      | Reached XP level 1. HP: 14/14 MP: 5/5
   173 | D:1      | Reached skill level 3 in Earth Magic
   428 | D:1      | Reached XP level 2. HP: 18/20 MP: 2/7
  1950 | D:2      | Found a hazy altar of Hepliaklqana.
  1979 | D:2      | Reached XP level 3. HP: 26/26 MP: 6/9
  2252 | D:2      | Learned a level 3 spell: Stone Arrow
  2461 | D:2      | Noticed a centaur
  2464 | D:2      | Shot with an arrow by a centaur

Illustrated notes

Levels and vault maps discovered:
D:1:      wheals_arrival_shading, layout_loops_ring, serial_forest,
          infiniplex_forest_clump_tiny, infiniplex_forest_lined_room_3,
          infiniplex_forest_corner_1, infiniplex_forest_end_2
D:2:      layout_basic, lemuel_crystal_altar, minmay_crystal_water,
          nemelex_dance_club_becter

Skill      XL: |  1 |
---------------+----+-----
Earth Magic    | 3 |  3.6
Spellcasting   | 2 |  2.3
Dodging        | |  1.7
Stealth        | |  1.7
Transmutations | |  0.8

Action                   || total
-------------------------++-------
Melee: Unarmed           ||    77
 Cast: Sandblast         ||    50
  Use: Potion            ||     1
 Stab: Sleeping          ||     3
  Eat: Ration            ||     1
       Chunk             ||     1
Armor: Robe              ||    26
Dodge: Dodged            ||    80
